[Event "Doeberl Cup 2022"]
[Site "Canberra"]
[Date "2022.04.15"]
[Round "4.4"]
[White "Press, Harry"]
[Black "Ikeda, Junta"]
[Result "1-0"]
[ECO "B52"]
[WhiteElo "2114"]
[BlackElo "2457"]
[Annotator "TA"]
[PlyCount "103"]
[EventDate "2022.04.14"]
[EventType "swiss"]
[EventCountry "AUS"]
[SourceTitle "playchess.com"]
[Source "ChessBase"]
[SourceQuality "1"]
[TimeControl "5400+30"]

1. e4 c5 2. Nf3 d6 3. Bb5+ Bd7 4. c4 Nf6 5. Nc3 g6 6. O-O {[%emt 0:02:03] B52: Sicilian: Moscow Variation with 3...Bd7.} Bg7 7. d4 cxd4 8. Nxd4 {[%emt 0:00:12] The position is equal.} O-O 9. Bxd7 Nbxd7 10. f3 ({Better is} 10. Be3 $11) 10... a6 {[%emt 0:00:49] [#]} 11. a4 $146 (11. b3 $11) ({Predecessor:} 11. b3 Rc8 12. Bb2 Nc5 13. Rc1 e6 14. Qd2 Nfd7 15. Nde2 Ne5 16. Rcd1 Ncd3 17. Ba3 {0-1 (31) Mammadova,G (2382)-Muradli,M (2449) Chess.com INT 2020}) 11... Qb6 $17 12. a5 Qc5 13. Be3 Qxc4 14. Rc1 Qc7 15. b4 Rfc8 16. Qb3 Qd8 17. Rfd1 Ne5 18. Na4 Ned7 {[%emt 0:10:19] Inhibits Nb6.} ({Black should try} 18... Rxc1 $17 19. Bxc1 Rb8) 19. h3 (19. Nc3 $1 $11) 19... Rxc1 20. Bxc1 Rc8 21. Bb2 Bh6 22. Rd3 Nh5 23. Ne2 Nf4 24. Nxf4 Bxf4 25. Rc3 e6 26. Qc2 Rxc3 (26... Be3+ $2 27. Kh1 Rxc3 28. Qxc3 $18) 27. Qxc3 Ne5 28. Nb6 h5 29. Kf1 (29. Nc4 $17) 29... Kh7 30. Bc1 Bxc1 31. Qxc1 Qe8 32. Qc7 (32. Kg1 $17 {was called for.}) 32... Qb5+ $19 33. Kg1 Qxb4 34. f4 Qd4+ ({And not} 34... Qxa5 35. fxe5 Qa1+ 36. Kf2 Qb2+ 37. Kg1 Qd4+ 38. Kf1 Qd3+ 39. Kg1 Qd4+ 40. Kf1 Qd3+ 41. Kg1 Qd4+ $11) (34... Qe1+ $19 35. Kh2 Nf3+ $1 36. gxf3 Qf2+ 37. Kh1 Qxf3+ 38. Kh2 Qxf4+ 39. Kg2 Qxe4+ 40. Kf2 Qf5+ 41. Ke2 Qe5+ 42. Kd3 Qf5+ 43. Ke2 Qe5+ 44. Kd3 Qg3+ 45. Kd2 Kg7) 35. Kh2 $11 Nd3 {[%emt 0:00:37] aiming for ...Kg7.} 36. Qxf7+ Qg7 37. Qxe6 Qf8 (37... Nxf4 $14 38. Qxd6 g5) 38. f5 $18 {[%emt 0:00:42] Threatens to win with Nd7.} gxf5 $2 (38... Nf4 39. Qd7+ Kh6 40. Qxb7 Qg7 41. Qxa6 Qe5) 39. Nd7 {[%emt 0:00:16][%mdl 64] Deflection} ({Less strong is} 39. exf5 Ne5 40. Nc4 Nxc4 $16) 39... Qg7 40. Qxf5+ Kh6 {[%emt 0:00:26] [#]} 41. h4 $2 (41. Qe6+ $1 $18 Qg6 42. Qe7) 41... Qe7 $1 $11 42. g3 Ne5 $2 {[%emt 0:00:33][%mdl 8192] [#]} (42... Kg7 $14) 43. Nf6 $1 $18 Kg7 44. Nxh5+ Kh8 45. Nf6 {[%emt 0:00:52] Black must now prevent h5.} Kg7 46. Ng4 {[%emt 0:00:29] Hoping for Nxe5.} ({Weaker is} 46. Qg5+ Kf7 47. Nd5 Qxg5 48. hxg5 Nc4 $17) 46... Nf7 47. h5 {[%emt 0:00:16] Qg6+ is the strong threat.} d5 (47... Qg5 $142 48. Kh3 Qc1) 48. Qg6+ Kf8 49. Nf6 Qa3 50. Qg8+ {[%emt 0:00:16] White mates.} Ke7 51. Nxd5+ Kd7 52. Qxf7+ {[%emt 0:00:08] Weighted Error Value: White=0.33/Black=0.49} 1-0

[Event "Doeberl Cup 2022"]
[Site "Canberra"]
[Date "2022.04.15"]
[Round "4.5"]
[White "Clarke, Matthew"]
[Black "Bjelobrk, Igor"]
[Result "1/2-1/2"]
[ECO "A46"]
[WhiteElo "2109"]
[BlackElo "2403"]
[Annotator "TA"]
[PlyCount "48"]
[EventDate "2022.04.14"]
[EventType "swiss"]
[EventCountry "AUS"]
[SourceTitle "playchess.com"]
[Source "ChessBase"]
[SourceQuality "1"]
[TimeControl "5400+30"]

1. Nf3 d5 2. g3 Nd7 3. d4 e6 4. Bg2 b5 5. O-O Ngf6 6. b3 Bb7 7. c4 dxc4 8. bxc4 bxc4 9. Qa4 {[%emt 0:08:37] 9.Na3 is not played anymore. A46: 1 d4 Nf6 2 Nf3 e6: Torre, London and Colle Systems.} c5 10. Qxc4 Rc8 11. Ne5 {[%emt 0:07:40] [#]} cxd4 $1 12. Qxd4 {[%emt 0:02:08] [#]} Bxg2 $146 ({Predecessor:} 12... Bc5 13. Qa4 Bxg2 14. Kxg2 O-O 15. Rd1 Nb6 16. Rxd8 Nxa4 17. Rxf8+ Rxf8 18. Nf3 e5 {0-1 (40) Sisniega,M (2390)-Sveshnikov,E (2545) Cienfuegos 1979}) 13. Kxg2 Rc2 14. Nxd7 {[%emt 0:29:02] The position is equal.} (14. Bf4 {looks sharper.} Qa8+ 15. Kg1 Qe4 16. Qxe4 Nxe4 17. Nxd7 Kxd7 18. Rd1+) 14... Qxd7 15. Qxd7+ Nxd7 16. Be3 Bc5 ({Don't take} 16... Rxe2 17. Rc1 $16) 17. Bxc5 Rxc5 18. Nd2 Ke7 19. Rfb1 Rc2 20. Nf3 Rhc8 21. Rb7 R8c7 22. Rxc7 Rxc7 23. Rb1 e5 24. e3 f6 {[%emt 0:00:29] Weighted Error Value: White=0.05 (flawless) /Black=0.05 (flawless)} 1/2-1/2

[Event "Doeberl Cup 2022"]
[Site "Canberra"]
[Date "2022.04.15"]
[Round "4.6"]
[White "Litchfield, Frederick"]
[Black "Lane, Gary W"]
[Result "0-1"]
[ECO "A80"]
[WhiteElo "2096"]
[BlackElo "2332"]
[Annotator "TA"]
[PlyCount "88"]
[EventDate "2022.04.14"]
[EventType "swiss"]
[EventCountry "AUS"]
[SourceTitle "playchess.com"]
[Source "ChessBase"]
[SourceQuality "1"]
[TimeControl "5400+30"]

1. d4 f5 2. Nf3 Nf6 3. e3 g6 4. b3 Bg7 5. Bb2 b6 6. Be2 {[%emt 0:02:55] A80: Dutch Defence: Unusual White second moves.} Bb7 7. c4 O-O 8. O-O {[%emt 0:01:35] The position is equal.} Ne4 9. Nfd2 {[%emt 0:02:58] [#]} e6 $146 ({Predecessor:} 9... Bh6 10. Nxe4 fxe4 11. d5 c5 12. Nc3 Bg7 13. Qc2 e6 14. Rad1 exd5 15. cxd5 Qe7 {1-0 (38) Fabbri,A (2194)-Spicak,K (2054) Warsaw 2011}) 10. Nxe4 fxe4 11. Nc3 c5 (11... a5 $11) 12. d5 exd5 13. cxd5 Re8 14. Qd2 Na6 (14... d6 $14) 15. f3 $1 $18 exf3 16. Bxf3 (16. Rxf3 $18 {Hoping for Raf1.} d6 17. Raf1) 16... d6 $1 $11 17. Ne4 Bxb2 (17... Qe7 $1 $11 {and Black stays safe.}) 18. Qxb2 $18 {[%emt 0:00:00] Nf6+ is the strong threat.} Re5 {[%emt 0:02:00] [#]} 19. Nf2 ({White must play} 19. Bg4 $1 $18 {[%cal Rg4e6] Black must now prevent Be6+.} Rxe4 20. Be6+ Rxe6 21. dxe6) 19... Bc8 (19... Rxe3 $2 20. Ng4 Qg5 21. Nf6+ (21. Nxe3 Qxe3+ 22. Kh1 Re8 $14) 21... Kh8 22. Ng4+ Kg8 23. Nf6+ (23. Nxe3 Qxe3+ 24. Kh1 Re8 $16) 23... Kh8 24. Nd7+ Kg8 25. Bg4 $1 Bxd5 26. Nf6+ Kh8 27. Ne8+ Re5 28. Rf8+ Bg8 29. Be6 Rxe8 30. Rxe8 Qe3+ 31. Kh1 $18) (19... Bxd5 20. Bxd5+ Rxd5 21. Ng4 $18) 20. e4 Nc7 21. Nd3 (21. a4 $14 {feels stronger.}) 21... Re8 $11 22. Rad1 Nb5 (22... Ba6 $11) 23. e5 $14 {[%emt 0:00:00] Black should prevent e6.} Nd4 24. e6 {[%emt 0:00:00] Threatening Be4.} Ba6 25. Be4 Qg5 26. Qd2 {[%emt 0:00:00] Against Qe3+} ({Of course not} 26. Qf2 Rf8 27. Qe1 Rxf1+ 28. Qxf1 Rf8 $15) 26... Qxd2 {[%emt 0:00:00] The board is on fire.} 27. Rxd2 Rf8 28. Rxf8+ Rxf8 29. Rf2 (29. g3 $11) 29... Rxf2 ({Better is} 29... Bb7 $1 $17 30. Rd2 Nxe6 $1 31. dxe6 Bxe4) 30. Kxf2 $17 {[%emt 0:00:00][%mdl 4096] Endgame KBN-KBN} Nb5 31. Ke3 Nc3 32. h4 (32. a4 $11 {keeps the balance.}) 32... Bxd3 ({Much weaker is} 32... Kf8 $6 33. a3 $11) 33. Kxd3 Nxa2 {[%emt 0:05:28] KB-KN} 34. h5 $2 (34. g4 $17) 34... gxh5 $19 35. Bxh7+ (35. Ke3 {might work better.} Nc3 36. Kd3 Nxe4 37. Kxe4) 35... Kg7 (35... Kxh7 $2 36. e7 $18) 36. Be4 Nb4+ (36... h4 $142 37. Bf3 Kf6) 37. Ke3 $2 (37. Kc4) 37... b5 38. g3 {[%emt 0:00:00] [#]} a5 $1 {[%emt 0:00:00] aiming for ...a4.} 39. Kd2 {[%emt 0:00:00] [#]} Kf6 $2 (39... a4 $1 $19 {[%cal Ra4a3] is more deadly. Strongly threatening ...a3.} 40. bxa4 bxa4) 40. Bf3 $2 (40. Kc1 $17) 40... a4 41. bxa4 bxa4 42. Kc3 a3 43. Kb3 a2 44. Kb2 c4 {Quite a comeback for Black.  Weighted Error Value: White=0.99/Black=0.38} 0-1

[Event "Doeberl Cup 2022"]
[Site "Canberra"]
[Date "2022.04.15"]
[Round "4.7"]
[White "Wallis, Christopher"]
[Black "Rodgers, Jack"]
[Result "1-0"]
[ECO "A56"]
[WhiteElo "2337"]
[BlackElo "2083"]
[Annotator "TA"]
[PlyCount "65"]
[EventDate "2022.04.14"]
[EventType "swiss"]
[EventCountry "AUS"]
[SourceTitle "playchess.com"]
[Source "ChessBase"]
[SourceQuality "1"]
[TimeControl "5400+30"]

1. d4 Nf6 2. c4 c5 3. d5 e5 4. Nc3 d6 5. e4 Be7 6. g3 Na6 7. Bg2 {[%emt 0:00:30] A56: Czech Benoni.} Nc7 8. a4 O-O 9. Nf3 {[%emt 0:00:30][%cal Bg1f3,Bf3e1,Be1d3][%mdl 32] White is slightly better.} Rb8 10. O-O {[%emt 0:00:30] [#]} Nfe8 $146 ({Predecessor:} 10... b6 11. Ne1 a6 12. Nd3 b5 13. b3 Nd7 14. Qc2 b4 15. Nd1 Bf6 16. Ne3 g6 17. Bb2 Bg7 {1-0 (71) Schneider Zinner,H (2375)-Schwabeneder,F (2369) St Johann im Pongau 2016}) 11. Ne1 g6 12. Nd3 f5 13. f4 exf4 14. Bxf4 fxe4 15. Nxe4 b6 16. Qd2 Bf5 17. Bh6 Ng7 18. Qc3 Nce8 19. Nf4 $36 {[%emt 0:00:30][%mdl 2048] White is in control. 0x0.00138d2c057ddp-1022s more active pieces.} Bxe4 20. Bxe4 {[%emt 0:00:30] Threatens to win with Ne6.} Bf6 21. Qc2 ({Don't take} 21. Ne6 Nxe6 22. dxe6 Ng7 $16) 21... Nc7 22. Kh1 Bg5 $2 {[%emt 0:03:20][%mdl 8192] [#] Loses the game.} (22... Qd7 $16 {is a better chance.}) 23. Bxg6 $1 $18 hxg6 24. Bxg7 Kxg7 25. Qxg6+ Kh8 26. Qh5+ Kg7 27. Rae1 {[%emt 0:00:00][%cal Oe1e6,Ba1e1,Be1e4,Be4g4,Bg4g7][%mdl 32] Black must now prevent Re6!} Bf6 (27... Kg8 $142 28. Ng6 Rxf1+ 29. Rxf1 Bf6) 28. Re4 {[%emt 0:00:00] Intending Qg6+ and mate.} Kg8 29. Ng6 (29. Ne6 Nxe6 30. dxe6 Rb7 $11) 29... Rf7 30. Rg4 Rg7 31. Qh8+ ({Stronger than} 31. Rxf6 Qxf6 32. Qh8+ Kf7 33. Ne5+ Qxe5 $17) 31... Kf7 {[%emt 0:00:00] [#]} 32. Ne5+ $1 dxe5 (32... Ke7 33. Rxg7+) 33. Rxg7# {[%emt 0:01:18] Weighted Error Value: White=0.11 (very precise) /Black=0.65} 1-0

[Event "Doeberl Cup 2022"]
[Site "Canberra"]
[Date "2022.04.16"]
[Round "5.1"]
[White "Fernandez, Daniel Howard"]
[Black "Cheng, Bobby"]
[Result "1-0"]
[ECO "C02"]
[WhiteElo "2487"]
[BlackElo "2550"]
[Annotator "TA"]
[PlyCount "101"]
[EventDate "2022.04.14"]
[EventType "swiss"]
[EventCountry "AUS"]
[SourceTitle "playchess.com"]
[Source "ChessBase"]
[SourceQuality "1"]
[TimeControl "5400+30"]

1. e4 e6 2. d4 d5 3. e5 c5 4. c3 Qb6 5. Nf3 Nc6 6. a3 Bd7 7. Bd3 {[%emt 0:12:28] C02: French: Advance Variation.} (7. b4 $5 ) 7... cxd4 8. O-O Nge7 9. Re1 {[%emt 0:03:35] The position is equal.} a6 10. b4 Rc8 {[%emt 0:03:08] [#]} 11. Bb2 $146 ({Predecessor:} 11. Nxd4 Nxd4 12. Be3 Bb5 13. Bxd4 Qc7 14. Bxb5+ axb5 15. Nd2 Nf5 16. Qe2 Qd7 17. Nb3 {1-0 (60) Idani,P (2627)-Mohamad,E (2356) Chess.com INT 2021}) 11... Na5 12. Nxd4 Nc4 13. Bc1 Nc6 (13... Ng6 $11) 14. Nf3 $14 Qc7 15. Bxc4 dxc4 16. Nbd2 b5 (16... Ne7 $14) 17. a4 Be7 18. axb5 axb5 19. Ne4 O-O 20. Bg5 Ra8 21. Qd2 {[%emt 0:00:52][%cal Oe4f6] Black must now prevent Nf6+!} Rxa1 22. Rxa1 f6 (22... Rd8 $16) 23. exf6 $18 gxf6 24. Bf4 Qc8 25. Bd6 Qd8 26. Nd4 (26. Ra6 $18) 26... Bxd6 (26... f5 $16) 27. Nxd6 Ne5 28. Nb7 {[%emt 0:01:08] Pair of Knights!} Qe8 29. Nc5 Nd3 30. Ra7 (30. Nxd3 $18 cxd3 31. Qxd3) 30... Nxc5 $16 31. bxc5 {[%emt 0:00:03] [#] Threatens to win with h3.} e5 32. Nc2 Bc6 33. Qh6 {[%emt 0:01:44] 0x0.00138d2c057ddp-1022s more active pieces.} ({White should play} 33. Ra6) 33... Rf7 34. Rxf7 (34. Ra1 $5 ) 34... Qxf7 35. Nb4 Qe6 (35... Ba8 $1 $11) 36. h3 Be4 37. Kh2 (37. Qe3 $16 Bc6 38. Qh6) 37... Kf7 $14 38. f3 Bf5 39. g4 Bg6 40. Qe3 (40. Kg3 $16) 40... f5 $1 $11 41. c6 $36 {[%emt 0:01:35][%mdl 2048] White has the initiative.} Qd6 $1 42. h4 {[%emt 0:03:52][%cal Bh3h4,Bh4h5][%mdl 32] [#] And now h5 would win.} h5 43. gxh5 Bxh5 44. Qg5 Bg6 45. h5 Bh7 (45... e4+ $2 46. Kg2 Bh7 47. fxe4 $18) 46. Qe3 {[%emt 0:02:22] Hoping for Qa7+.} Kg7 $2 {[%emt 0:04:50][%mdl 8192] This costs Black the game.} (46... Kf8 $11) 47. Kg2 $2 ({Stronger than} 47. Qa7+ Kh6 $11) (47. f4 Bg8 48. Qxe5+ Qxe5 49. fxe5) 47... Qe7 (47... Kf8 $18 48. Qg5 f4) 48. Nd5 {[%emt 0:00:24] White mates.} Qe6 49. Qg5+ Kf7 50. Qd8 e4 51. Qd7+ {[%emt 0:00:07] Weighted Error Value: White=0.32/Black=0.32} 1-0

[Event "Doeberl Cup 2022"]
[Site "Canberra"]
[Date "2022.04.16"]
[Round "5.2"]
[White "Kuybokarov, Temur"]
[Black "Melkumyan, Hrant"]
[Result "1/2-1/2"]
[ECO "C77"]
[WhiteElo "2576"]
[BlackElo "2649"]
[Annotator "TA"]
[PlyCount "131"]
[EventDate "2022.04.14"]
[EventType "swiss"]
[EventCountry "AUS"]
[SourceTitle "playchess.com"]
[Source "ChessBase"]
[SourceQuality "1"]
[TimeControl "5400+30"]

1. e4 e5 2. Nf3 Nc6 3. Bb5 a6 4. Ba4 Nf6 5. O-O Be7 6. d3 b5 7. Bb3 d6 8. a3 O-O 9. Nc3 Na5 {[%emt 0:00:40] C77: Ruy Lopez: 3...a6 4 Ba4 Nf6, unusual lines.} 10. Ba2 Be6 11. b4 Bxa2 12. Rxa2 Nc6 13. Nd5 Nxd5 14. exd5 Nd4 15. Nxd4 exd4 16. Qg4 (16. Bb2 $14) 16... Bf6 $11 {[%emt 0:00:30] [#]} 17. Bd2 $146 ({Predecessor:} 17. a4 a5 18. axb5 axb4 19. Rb2 Ra4 20. Bd2 Qa8 21. Qd7 Ra7 22. Qc6 Rb8 23. Rxb4 {½-½ (44) Anand,V (2803)-Kravtsiv,M (2621) Berlin 2015}) 17... Qc8 18. Qf3 Re8 19. a4 Re5 20. Bf4 Re8 21. Rfa1 Rb8 22. axb5 Rxb5 23. h3 Rb6 24. Bd2 Be5 25. h4 h6 26. g4 Qb7 27. Kg2 Rc8 28. Qe4 f5 29. Qxf5 {[%emt 0:00:30] Black must now prevent Qe6+.} Qxd5+ 30. Qf3 Qxf3+ 31. Kxf3 Rf8+ 32. Ke2 (32. Kg2 $16) 32... Bf4 33. Be1 ({Much weaker is} 33. Rxa6 Bxd2 34. Rxb6 cxb6 $11) 33... Re8+ 34. Kd1 Rb5 35. Ra5 h5 (35... g6 $14 {feels stronger.}) 36. gxh5 $16 Kh7 37. Rxb5 $1 ({Reject} 37. Rxa6 $6 Rxh5 38. Ra8 Re7 $11) 37... axb5 {[%emt 0:00:30][%mdl 4096] Endgame KRB-KRB} 38. Ra7 $1 d5 39. Rb7 c6 40. Rf7 {[%emt 0:00:30] Inhibits Rf8.} Bh6 (40... Bd6 $142) 41. f4 Re6 42. Bf2 ({White has to play} 42. f5 $1 $16 Rf6 43. Rc7 (43. Rxf6 gxf6 44. Ke2 Bf4 $14)) 42... Rf6 $14 43. Rxf6 (43. Rd7 $14 {might be stronger.}) 43... gxf6 $11 44. Bxd4 $14 {[%emt 0:00:30] KB-KB} f5 45. Ke2 Bxf4 (45... Bf8 $1 $11 {keeps the balance.}) 46. Kf3 Bd6 47. Bc5 Be5 48. Bf8 {[%emt 0:00:30][%cal Od3d4] aiming for d4!} Bc7 {[%emt 0:00:30] [#]} (48... Kg8 $16 49. Bh6 Bc3) 49. Ke3 (49. h6 $1 $18) 49... Be5 (49... Bg3 $16 {is a better chance.}) 50. Kf3 $2 (50. d4 Bg3 51. Kf3) 50... Bc7 $18 {[%emt 0:00:30] [#]} 51. Ke3 $2 (51. h6 $1) 51... Be5 52. h6 $2 (52. d4 Bg3 53. Kf3) 52... Kg6 $2 (52... d4+ {is a better defense.} 53. Kf3 Kg6) 53. Bg7 $2 (53. h5+ Kh7 54. d4) 53... Bd6 $2 (53... d4+ 54. Kf3 Bd6 55. Bxd4 Bxb4) 54. Kd4 $2 (54. d4 $18 Bg3 55. h5+ Kh7 56. Be5) 54... f4 $1 $11 {[%emt 0:00:30] The position is equal.} 55. c4 Bxb4 {[%emt 0:00:30] Hoping for ...c5+.} 56. cxd5 cxd5 57. Be5 Bd2 {[%emt 0:00:30] Threatens to win with ...f3.} 58. Kxd5 f3 59. Bg3 Be3 60. d4 $1 Kxh6 {[%emt 0:00:30] Strongly threatening ...Kh5.} 61. Ke4 $1 {[%emt 0:00:30][%csl LRe3,LRf3] [#]} f2 $1 62. Bxf2 Bxf2 63. Kd5 $1 Bxd4 64. Kxd4 Kh5 65. Kc5 Kxh4 66. Kxb5 {[%emt 0:00:30] Weighted Error Value: White=0.34/Black=0.31} 1/2-1/2

[Event "Doeberl Cup 2022"]
[Site "Canberra"]
[Date "2022.04.16"]
[Round "5.3"]
[White "Sardana, Rishi"]
[Black "Winkelman, Albert"]
[Result "1/2-1/2"]
[ECO "C84"]
[WhiteElo "2461"]
[BlackElo "2257"]
[Annotator "TA"]
[PlyCount "80"]
[EventDate "2022.04.14"]
[EventType "swiss"]
[EventCountry "AUS"]
[SourceTitle "playchess.com"]
[Source "ChessBase"]
[SourceQuality "1"]
[TimeControl "5400+30"]

1. e4 e5 2. Nf3 Nc6 3. Bb5 a6 4. Ba4 Nf6 5. O-O Be7 6. d3 b5 7. Bb3 O-O 8. a4 Bb7 9. c3 {[%emt 0:00:33] C84: Closed Ruy Lopez: Unusual White 6th moves.} d5 10. exd5 Nxd5 11. Re1 Bf6 {[%emt 0:00:14] [#]} 12. h4 $146 (12. Nbd2 $11) ({Predecessor:} 12. Qc2 b4 13. a5 bxc3 14. bxc3 Ndb4 15. cxb4 e4 16. Rxe4 Bxa1 17. Nc3 Qd7 18. Rh4 h6 {½-½ (29) Sethuraman,S (2441)-Grandelius,N (2464) Vung Tau 2008}) 12... Qd7 (12... b4 $15) 13. Nbd2 $11 Rad8 14. Ne4 Qg4 15. axb5 axb5 16. Nfg5 Qxd1 (16... Qxh4 $2 17. g3 Qh6 {[#]} 18. Nxf7 $1 $18 ) 17. Rxd1 Be7 18. Be3 h6 19. Nf3 Nxe3 20. fxe3 Kh8 21. g4 f6 (21... Bc8 $5 22. Nf2 f5 $15) 22. h5 {[%emt 0:06:09] Nh4 is the strong threat.} f5 23. gxf5 Rxf5 24. Kg2 Rdf8 ({Don't play} 24... Rxh5 25. Be6 $16 (25. Ng3 e4 $14)) 25. Rf1 Nd8 {[%emt 0:00:18] Against Be6} ({Don't do} 25... Rxh5 26. Be6 $16 (26. Ng3 e4 $14)) 26. Ra7 Bd6 {[%emt 0:07:37] [#]} 27. Rxb7 $1 Nxb7 28. Be6 Rxh5 29. Bg4 Rhf5 30. Bxf5 Rxf5 31. b4 Rf8 32. Ra1 {[%emt 0:00:05][%mdl 1024] White has compensation.} Kg8 33. Ra6 Re8 34. Nh4 Bf8 {[%emt 0:02:32] The position is equal.} 35. Rc6 Rc8 36. Ng6 Nd8 $1 37. Ra6 Nf7 38. Rc6 Nd8 $1 39. Ra6 Nf7 40. Rc6 Nd8 $1 {[%emt 0:00:08] Weighted Error Value: White=0.10 (very precise) /Black=0.08 (flawless)} 1/2-1/2

[Event "Doeberl Cup 2022"]
[Site "Canberra"]
[Date "2022.04.16"]
[Round "5.4"]
[White "Stojic, Dusan"]
[Black "Johansen, Darryl K"]
[Result "1-0"]
[ECO "B85"]
[WhiteElo "2240"]
[BlackElo "2385"]
[Annotator "TA"]
[PlyCount "71"]
[EventDate "2022.04.14"]
[EventType "swiss"]
[EventCountry "AUS"]
[SourceTitle "playchess.com"]
[Source "ChessBase"]
[SourceQuality "1"]
[TimeControl "5400+30"]

1. e4 c5 2. Nf3 e6 3. d4 cxd4 4. Nxd4 Nc6 5. Nc3 Qc7 6. Be2 a6 7. O-O Nf6 8. Be3 d6 9. f4 Be7 10. Qe1 O-O 11. Qg3 Bd7 12. Rae1 b5 13. a3 Nxd4 14. Bxd4 Bc6 15. Bd3 Rad8 16. Kh1 Qb7 {[%emt 0:09:12] [#]} (16... Qd7 $11 {remains equal.}) 17. b4 {[%emt 0:05:12] B85: Sicilian Scheveningen: 6 Be2 a6, lines with early Be3.} ({Better is} 17. Qh3 $1 $16) 17... g6 (17... Rfe8 $11) 18. Qh3 {[%emt 0:15:04] [#]} Nh5 $146 ({Predecessor:} 18... d5 19. e5 Ne4 20. Nd1 Kg7 21. Ne3 f5 22. exf6+ Bxf6 23. Bxf6+ Rxf6 24. Ng4 Rf5 25. Bxe4 dxe4 {1-0 (46) Lopez Pereyra,A (2159)-Perez Candelario,M (2504) Campillos 2004}) 19. Re3 (19. f5 $14 e5 20. Be3) 19... f5 (19... e5 $5 20. fxe5 dxe5 21. Bxe5 Bg5 $15) 20. exf5 exf5 21. Ne2 Nf6 (21... Rde8 $15) 22. Ng3 $1 $14 {[%emt 0:04:01][%cal Od3f5] aiming for Bxf5!} Ng4 {[%emt 0:01:39] ...Bf6 is the strong threat.} 23. Nxf5 $40 {[%emt 0:05:09][%mdl 128] White has some attack.} (23. Re2 $1 $14) 23... Rxf5 $4 (23... gxf5 $11 24. Rg3 Be4) 24. Qxg4 $18 Rf7 (24... Bf6 $142) 25. Re6 {[%emt 0:03:04][%cal Od3g6] Intending Bxg6! and mate.} Bf8 26. Bf6 Re8 {[%emt 0:00:29] [#] And now ...Rxe6 would win.} 27. Rxe8 (27. f5 $1 $18 {[%cal Rf5g6] is the precise move to win.} Rxe6 28. fxe6 Rxf6 29. Rxf6) 27... Bxe8 $16 28. Bxg6 $2 {[%emt 0:00:26][%mdl 8192] &Bianco is much more active.} Rxf6 (28... hxg6 $19 {and life is good for Black.} 29. Qh4 (29. Qxg6+ $2 Rg7 $19) 29... Rh7) 29. Bxe8+ $18 Kh8 30. Bd7 Qc7 31. Be6 Bg7 32. Qe2 Qc3 33. f5 Qxa3 34. Qd2 Bf8 $2 (34... h6 35. Qxd6 Qc3 36. Qxa6 Qxb4) 35. Qd4 $2 ({Not} 35. Qg5 Bg7 $18) (35. Bb3 Bg7 36. g4) 35... Kg7 $2 (35... Bg7 $18) 36. Ra1 {[%emt 0:00:20] Weighted Error Value: White=1.09/Black=1.45} (36. Qg4+ $142 Kh6 37. Qh4+ Kg7 38. Qg5+ Rg6 39. fxg6 Qa1 40. gxh7+ Kxh7 41. Bf5+ Kh8 42. Qh5+ Kg7 43. Qg6+ Kh8 44. Qh7#) 1-0

[Event "Doeberl Cup 2022"]
[Site "Canberra"]
[Date "2022.04.16"]
[Round "5.5"]
[White "Lane, Gary W"]
[Black "Press, Harry"]
[Result "1-0"]
[ECO "C91"]
[WhiteElo "2332"]
[BlackElo "2114"]
[Annotator "TA"]
[PlyCount "89"]
[EventDate "2022.04.14"]
[EventType "swiss"]
[EventCountry "AUS"]
[SourceTitle "playchess.com"]
[Source "ChessBase"]
[SourceQuality "1"]
[TimeControl "5400+30"]

1. e4 e5 2. Nf3 Nc6 3. Bb5 a6 4. Ba4 Nf6 5. O-O Be7 6. Re1 b5 7. Bb3 O-O 8. d4 d6 9. c3 Bg4 10. d5 Na5 11. Bc2 c6 12. h3 Bh5 13. dxc6 Nxc6 14. Nbd2 $1 {[%emt 0:00:06][%cal Bb1d2,Bd2f1,Bf1e3][%mdl 32] 14.Nbd2 scores better than 14.Bg5.} Qc7 {[%emt 0:01:56] C91: Closed Ruy Lopez: 7...d6 8 c3 0-0 9 d4.} 15. Nf1 Rfd8 16. Ne3 {[%emt 0:05:20] [#]} Bg6 $146 {[%emt 0:10:19] White is slightly better.} ({Predecessor:} 16... Qd7 17. a4 b4 18. Nd5 Rab8 19. a5 Nxd5 20. exd5 Na7 21. Nxe5 Bxd1 22. Nxd7 Rxd7 23. Bxd1 bxc3 24. bxc3 {½-½ (52) Kinnmark,O-Berglund,M Stockholm 1967}) 17. Nh4 Bf8 (17... Bxe4 $2 18. Bxe4 d5 19. Bc2 $18 (19. Nxd5 Nxd5 20. Bxd5 Bxh4 $16)) 18. Nhf5 (18. Qf3 $16) 18... Bxf5 19. Nxf5 Ne7 $1 20. Qf3 Nxf5 21. Qxf5 b4 22. Re3 bxc3 23. Rxc3 Qb7 24. Rg3 {[%emt 0:08:26] [#] aiming for Qxf6.} (24. Rb1 $5 ) 24... Ne8 (24... Rdc8 $11 {keeps the balance.}) 25. Bb3 $16 Qd7 26. Qh5 $36 {[%emt 0:09:17][%mdl 2048] Strongly threatening Bg5. Black is under strong pressure. &Bianco is much more active. The black rooks are badly placed.} g6 27. Qe2 Nc7 28. Be3 Ne6 29. h4 Bg7 (29... Nf4 $1 $14 30. Bxf4 exf4) 30. h5 a5 31. hxg6 hxg6 32. Rc1 Rab8 33. Bd5 Rdc8 34. Rxc8+ Qxc8 35. b3 Kf8 (35... Nc7 $16 {was worth a try.}) 36. Qd2 $18 a4 37. bxa4 Rb1+ 38. Kh2 {[%emt 0:00:01] Bxe6 is the strong threat.} Bf6 $2 (38... Nf4 39. a5 (39. Bxf4 exf4 40. Qxf4 Qc7 $16) 39... Bf6 40. Bxf4 exf4 41. Qxf4 (41. Rb3 Rf1 $15) 41... Ke7) 39. Rh3 (39. Bxe6 $142 Qxe6 40. a5) 39... Ke7 (39... Nf4) 40. a5 {[%emt 0:01:02][%cal Oa5a6] [#] Hoping for a6!} Bg7 41. Bxe6 Qxe6 42. a6 Ra1 43. a3 {[%emt 0:00:45] And now Qa5 would win.} Qc4 44. a7 Rxa3 45. Bg5+ {[%emt 0:00:15] Weighted Error Value: White=0.19 (very precise) /Black=0.46} 1-0